 Dungeon Crawl Stone Soup version 0.31-a0-188-g5e087ee2ca (webtiles) character file.

Game seed: 17219862680749741139

51 qw the Shooter (level 3, -2/20 HPs)
             Began as a Deep Elf Hunter on June 23, 2023.
             Slain by an endoplasm (3 damage)
             ... on level 2 of the Dungeon.
             The game lasted 00:00:30 (1028 turns).

qw the Shooter (Deep Elf Hunter)                    Turns: 1028, Time: 00:00:31

Health: -2/20      AC:  7    Str: 10    XL:     3   Next: 57%
Magic:  5/5        EV:  9    Int: 13    God:
Gold:   17         SH:  0    Dex: 18    Spells: 2/2 levels left

rFire   . . .        Y - +0 shortbow
rCold   . . .        (shield currently unavailable)
rNeg    . . .        i - +0 scale mail
rPois   .            (no helmet)
rElec   .            k - +0 cloak
rCorr   .            (no gloves)
SInv    .            (no boots)
Will    .....        (no amulet)
Stlth   +            (no ring)
HPRegen 0.23/turn    (no ring)
MPRegen 0.09/turn

%: no passive effects
@: lethally poisoned (-2 -> -6)
A: no striking features
a: no special abilities


You were on level 2 of the Dungeon.
You visited 1 branch of the dungeon, and saw 2 of its levels.

You collected 65 gold pieces.
You spent 48 gold pieces at shops.


   Skills:
 - Level 1.5 Fighting
 + Level 7.1 Ranged Weapons
 - Level 2.4 Dodging
 - Level 1.2 Stealth


You had 2 spell levels left.
You didn't know any spells.
Your spell library was empty.

Inventory:

Hand Weapons
 Y - a +0 shortbow (weapon)
Armour
 g - a +0 pair of gloves
 i - a +0 scale mail (worn)
 k - a +0 cloak (worn)
Scrolls
 j - a scroll of identify
Potions
 a - a potion of might {unknown}
 b - a potion of degeneration {unknown}
 c - a potion of heal wounds {unknown}
 d - 2 potions of curing {unknown}
 e - a potion of cancellation {unknown}
 f - a potion of mutation {unknown}
 h - a potion of resistance {unknown}

Dungeon Overview and Level Annotations

Branches:
Dungeon (2/15)

Altars:

Shops:
D:1 *   D:2 *


Message History

You shoot an arrow.
The arrow hits the adder but does no damage.
You shoot an arrow. The arrow closely misses the adder.
The arrow hits the endoplasm but does no damage.
The adder bites you but does no damage.
You shoot an arrow. The arrow barely misses the adder.
The arrow barely misses the endoplasm.
The adder closely misses you.
You shoot an arrow. The arrow hits the adder.
The adder is lightly wounded.
The adder barely misses you.
The endoplasm hits you but does no damage.
The adder barely misses you.
You shoot an arrow. The arrow hits the adder!
The adder is severely wounded.
The adder bites you but does no damage.
The endoplasm hits you but does no damage.
The adder bites you but does no damage. The endoplasm freezes you.
You are frozen.
You shoot an arrow. The arrow misses the adder.
The adder bites you.
You are poisoned.
The adder poisons you! The endoplasm barely misses you. The adder bites you.
You shoot an arrow. The arrow misses the adder.
You feel sick. The adder bites you.
You are more poisoned.
The adder poisons you! The endoplasm freezes you.
You are frozen.
The adder bites you.
You shoot an arrow. The arrow barely misses the adder.
You feel very sick. The endoplasm freezes you.
You are frozen.
The adder bites you but does no damage.
The endoplasm hits you but does no damage.
The adder bites you but does no damage.
You shoot an arrow. The arrow hits the adder.
You kill the adder!
You feel sick. The endoplasm hits you.
You die...

#.####..................#
#[...
#.#............##.......#
#....
##.#.####:......##.#.....#
#.... ...#.#
#.......##.#.....# #....
####.# #.###.####.#.....#
####. ###<####.#
#.##.........# ###.
#........# #.##.###.###.#
#... #........# #.##'#
#..##.# #...
#........###.#.@#
##.##.#####...
#............#J.#
#..#.........
##############..#
##.#......... #..#
#.........## #..#
##........## 8..8
#..######## ....
##...###### ..##$
###....... ########


You could see an endoplasm.

Vanquished Creatures
  An adder (D:2)
  A dart slug (D:1)
  2 bats (D:1)
  7 endoplasms
  2 giant cockroaches (D:1)
  9 goblins
  2 hobgoblins (D:1)
  3 jackals (D:2)
  A quokka (D:1)
  A ball python (D:2)
  2 frilled lizards (D:1)
  6 kobolds (D:1)
  8 rats
45 creatures vanquished.

Notes
Turn   | Place    | Note
-------+----------+-------------------------------------------
     0 | D:1      | qw the Deep Elf Hunter began the quest for the Orb.
     0 | D:1      | Reached XP level 1. HP: 12/12 MP: 3/3
     0 | D:1      | 0 ||| qw: Version: 0.3-a-9-g12657ce
     0 | D:1      | 0 ||| qw: Game counter: 3763
     0 | D:1      | 0 ||| qw: Always use a shield: true
     0 | D:1      | 0 ||| qw: God list: Okawaru
     0 | D:1      | 0 ||| qw: Allow faded altars: false
     0 | D:1      | 0 ||| qw: Do Orc after D:15 true
     0 | D:1      | 0 ||| qw: Do second Lair branch before Depths: true
     0 | D:1      | 0 ||| qw: Lair rune preference: random
     0 | D:1      | 0 ||| qw: Plans: Normal
     0 | D:1      | 0 ||| PLANNING D:1-11
    11 | D:1      | Found Emulu's General Store.
    19 | D:1      | 19 ||| SHOPLISTING +0 scale mail (44 gold, have 0).
    19 | D:1      | 19 ||| SHOPLISTING +1 pearl dragon scales (1153 gold, have
                  | 0).
    19 | D:1      | 19 ||| SHOPLISTING potion of curing (33 gold, have 0).
    19 | D:1      | 19 ||| SHOPLISTING potion of heal wounds (55 gold, have 0).
    65 | D:1      | 65 ||| Stepping ~*~*~tactically~*~*~ (outnumbered).
    67 | D:1      | 67 ||| Stepping ~*~*~tactically~*~*~ (outnumbered).
    73 | D:1      | Reached XP level 2. HP: 16/16 MP: 4/4
    80 | D:1      | Reached skill level 6 in Ranged Weapons
   490 | D:1      | Reached XP level 3. HP: 20/20 MP: 5/5
   703 | D:1      | 703 ||| UPGRADING to +0 scale mail.
   713 | D:1      | 713 ||| DROPPING +0 leather armour.
   714 | D:1      | 714 ||| UPGRADING to +0 cloak.
   719 | D:1      | 719 ||| DROPPING +6 ring of intelligence.
   720 | D:1      | 720 ||| READING scroll labelled USAECO JOSKOWN.
   725 | D:1      | 725 ||| READING 2 scrolls labelled SACE EKLETO.
   726 | D:1      | 726 ||| DROPPING scroll of butterflies.
   808 | D:2      | Reached skill level 7 in Ranged Weapons
   901 | D:2      | Found Kuurilug's Assorted Antiques.
   913 | D:2      | 913 ||| BUYING bubbling pink potion (24 gold).
   913 | D:2      | Bought a bubbling pink potion for 24 gold pieces
   913 | D:2      | 913 ||| BUYING bubbling pink potion (24 gold).
   913 | D:2      | Bought a bubbling pink potion for 24 gold pieces
   913 | D:2      | 913 ||| SHOPLISTING ring mail (108 gold, have 4).
   913 | D:2      | 913 ||| SHOPLISTING scroll labelled VOUZASS NIUVANG (27
                  | gold, have 4).
   913 | D:2      | 913 ||| SHOPLISTING small beryl amulet (135 gold, have 4).
  1027 | D:2      | HP: 3/20 [frozen (4)]
  1028 | D:2      | HP: 1/20 [poisoned by an adder]
  1028 | D:2      | Slain by an endoplasm

Levels and vault maps discovered:
D:1:      wander_arrival_peaceful_grave, layout_basic, serial_shops,
          shop_fountains, lexackson_kobold_supper
D:2:      minmay_chambers_of_twos, layout_basic, serial_shops, shop

Skill      XL: |  1  2  3 |
---------------+----------+-----
Ranged Weapons | 6 7 |  7.1
Fighting       | |  1.5
Dodging        | |  2.4
Stealth        | |  1.2

Action                     || total
---------------------------++-------
   Fire: Shortbow          ||   129
    Use: Scroll            ||     2
 Armour: Leather armour    ||     8
         Scale mail        ||    10
  Dodge: Dodged            ||    38

Table legend:
 A = Non-vault XP
 B = Vault XP
 C = Vault XP percentage of total XP
 D = Non-vault monster count
 E = Vault monster count
 F = Vault count percentage of total count
                 A         B        C        D         E       F
            +---------+---------+-------+---------+---------+-------
      Total |      63 |      24 |  27.6 |      36 |       9 |  20.0
            +---------+---------+-------+---------+---------+-------
        D:1 |      48 |      10 |  17.2 |      27 |       8 |  22.9
        D:2 |      15 |      14 |  48.3 |       9 |       1 |  10.0
            +---------+---------+-------+---------+---------+-------
